 Dungeon Crawl Stone Soup version 0.22.1-1-ga44c0e56f4 (webtiles) character file.

2084 grish99 the Slicer (level 9, -1/68 HPs)
             Began as a Demonspawn Gladiator on Sept 22, 2018.
             Was a Believer of Ashenzari.
             Slain by an orc warrior
             ... wielding a +0 glaive
              (19 damage)
             ... on level 8 of the Dungeon.
             The game lasted 00:39:46 (5519 turns).

grish99 the Slicer (Demonspawn Gladiator)           Turns: 5519, Time: 00:39:47

Health: -1/68      AC: 11    Str: 17    XL:     9   Next: 6%
Magic:  0/9        EV:  9    Int:  9    God:    Ashenzari [**....]
Gold:   544        SH:  4    Dex: 16    Spells: 8/8 levels left

rFire    . . .     SeeInvis .   a - +3 rapier (curse) {curse}
rCold    . . .     Gourm    .   j - +0 buckler
rNeg     . . .     Faith    .   b - +1 chain mail
rPois    .         Spirit   +   (helmet restricted)
rElec    .         Reflect  .   (no cloak)
rCorr    .         Harm     .   (no gloves)
MR       .....     Rnd*Tele +   c - +0 pair of boots
Stlth    ..........             (no amulet)
HPRegen  0.21/turn              k - +4 ring of slaying
MPRegen  0.22/turn              r - ring of teleportation (curse)

@: no status effects
A: horns 2, magic shield, magic regeneration, magic link, sturdy frame 1
a: Curse Item, Scrying, Renounce Religion


You were on level 8 of the Dungeon.
You worshipped Ashenzari.
Ashenzari was pleased with you.
You were not hungry.

You visited 2 branches of the dungeon, and saw 8 of its levels.

You collected 544 gold pieces.

Inventory:

Hand Weapons
 a - a cursed +3 rapier (weapon) {curse}
 h - a +0 short sword
Missiles
 d - 3 throwing nets (quivered)
Armour
 b - a +1 chain mail (worn)
 c - a +0 pair of boots (worn)
 j - a +0 buckler (worn)
Jewellery
 k - a +4 ring of slaying (left hand)
 m - an uncursed ring of wizardry
 r - a cursed ring of teleportation (right hand)
Wands
 i - a wand of flame (22)
 n - a wand of iceblast (4)
 p - a wand of polymorph (7)
 s - a wand of digging (11)
Scrolls
 g - a scroll of amnesia
 o - a scroll of blinking
Potions
 e - 5 potions of curing
 l - a potion of brilliance
 q - a potion of flight
Comestibles
 f - 11 rations


   Skills:
 + Level 5.2 Fighting
 + Level 8.7(10.9) Short Blades
 + Level 2.0 Throwing
 + Level 3.6 Armour
 + Level 3.9 Dodging
 + Level 1.3 Stealth
 + Level 1.6 Shields


You had 8 spell levels left.
You didn't know any spells.
Your spell library was empty.

Dungeon Overview and Level Annotations

Branches:
Dungeon (6/15)             Temple (1/1) D:6

Altars:
Ashenzari
Cheibriados
Dithmenos
Elyvilon
Fedhas
Gozag
Hepliaklqana
Kikubaaqudgha
Makhleb
Okawaru
Qazlal
Ru
Sif Muna
Trog
Uskayaw
Vehumet
Wu Jian
Xom
Zin
The Shining One


Innate Abilities, Weirdness & Mutations

You have a pair of horns on your head.
When hurt, damage is shared between your health and your magic reserves.
You regenerate magic rapidly.
When low on magic, you restore magic in place of health.
Your movements are slightly less encumbered by armour. (ER -2)


Message History

A puff of frost appears from out of thin air!
The puff of frost hits you!
There is an open door, spattered with blood here.
You miss something. You block something's attack.
You hit something. You headbutt something. You block the orc warrior's attack.
Something hits you but does no damage.
You barely miss something. Your headbutt misses something.
Something hits you but does no damage.
You puncture something!
Reactivating autopickup.
You feel a bit more experienced. You block the orc warrior's attack.
You puncture the orc!
You kill the orc!
The orc warrior hits you with a glaive!
* * * LOW HITPOINT WARNING * * *
Items here: )))))) [[[[ ††††† You hit the orc warrior.
The orc warrior is lightly wounded.
The orc warrior hits you with a glaive!!
You die...

####.# #....#
###....##
#####.......#####
........)........
#.).....#
###....## #...o#
####@# ##'##
#...# #.....#
#.......#
#.........#
+.........+
#.........#
##.......##


You could see an orc warrior.

Vanquished Creatures
  Grinder (D:4)
  Sigmund (D:4)
  Eustachio (D:6)
  An orc warrior (D:6)
  A sky beast (D:5)
  An ice beast (D:3)
  2 ogres
  A wyvern skeleton (D:6)
  A scorpion (D:6)
  3 howler monkeys
  7 orc wizards
  A centaur skeleton (D:5)
  A jelly (D:5)
  5 orc priests
  3 hounds
  A bullfrog skeleton (D:4)
  Ijyb (D:4)
  Terence (D:2)
  A worker ant (D:5)
  A hound zombie (D:5)
  2 worker ant zombies
  7 adders
  4 gnolls
  2 shadow imps
  An ooze (D:3)
  2 adder skeletons
  3 worms
  3 dart slugs
  3 leopard geckos
  26 orcs
  4 giant cockroaches
  7 goblins
  5 hobgoblins
  16 jackals
  3 quokkas
  3 ball pythons
  8 bats
  5 frilled lizards
  6 kobolds
  2 leopard gecko zombies
  A quokka skeleton (D:5)
  6 rats
154 creatures vanquished.

Notes
Turn   | Place    | Note
-------+----------+-------------------------------------------
     0 | D:1      | grish99 the Demonspawn Gladiator began the quest for the
                  | Orb.
     0 | D:1      | Reached XP level 1. HP: 16/16 MP: 1/1
   369 | D:1      | Gained mutation: You have a pair of small horns on your
                  | head. [demonic ancestry]
   369 | D:1      | Reached XP level 2. HP: 22/22 MP: 2/2
   551 | D:1      | Reached skill level 3 in Short Blades
  1206 | D:2      | Found a radiant altar of Vehumet.
  1206 | D:2      | Noticed Terence
  1233 | D:2      | Killed Terence
  1233 | D:2      | Gained mutation: You have a pair of horns on your head.
                  | [demonic ancestry]
  1233 | D:2      | Reached XP level 3. HP: 22/27 MP: 3/3
  1254 | D:2      | Found a shattered altar of Ashenzari.
  1270 | D:2      | Became a worshipper of Ashenzari the Shackled
  1346 | D:2      | Reached XP level 4. HP: 30/33 MP: 4/4
  1702 | D:2      | Reached skill level 4 in Short Blades
  2238 | D:3      | Reached skill level 1 in Armour
  2238 | D:3      | Gained mutation: Your movements are slightly less
                  | encumbered by armour. (ER -2) [demonic ancestry]
  2238 | D:3      | Reached XP level 5. HP: 35/39 MP: 5/5
  2308 | D:3      | Noticed an ice beast
  2328 | D:3      | Killed an ice beast
  2328 | D:3      | Gained mutation: When hurt, damage is shared between your
                  | health and your magic reserves. [demonic ancestry]
  2328 | D:3      | Reached XP level 6. HP: 27/46 MP: 6/6
  2451 | D:3      | Reached skill level 5 in Short Blades
  2770 | D:4      | Found a deep blue altar of Sif Muna.
  2772 | D:4      | Found a hazy altar of Hepliaklqana.
  2772 | D:4      | Found a stormy altar of Qazlal.
  2941 | D:4      | Reached * piety under Ashenzari
  3289 | D:4      | Found a shadowy altar of Dithmenos.
  3289 | D:4      | Noticed Ijyb
  3297 | D:4      | Killed Ijyb
  3403 | D:4      | Noticed Sigmund
  3412 | D:4      | Killed Sigmund
  3412 | D:4      | Reached skill level 6 in Short Blades
  3412 | D:4      | Reached XP level 7. HP: 41/52 MP: 4/7
  3599 | D:4      | Noticed Grinder
  3649 | D:4      | Paralysed by Grinder for 2 turns
  3662 | D:4      | Killed Grinder
  3838 | D:5      | Entered Level 5 of the Dungeon
  3896 | D:5      | Reached skill level 7 in Short Blades
  3896 | D:5      | Gained mutation: You regenerate magic rapidly. [demonic
                  | ancestry]
  3896 | D:5      | Reached XP level 8. HP: 36/60 MP: 4/8
  4224 | D:5      | Reached skill level 1 in Shields
  4291 | D:5      | Found a sacrificial altar of Ru.
  4533 | D:6      | Got the cursed scale mail of the Will of the Gods {*Contam
                  | +Fly Int+5}
  4666 | D:6      | Reached skill level 8 in Short Blades
  4885 | D:6      | Found a shattered altar of Ashenzari.
  4949 | D:6      | Noticed Eustachio
  4965 | D:6      | Killed Eustachio
  4965 | D:6      | Reached skill level 5 in Fighting
  4965 | D:6      | Reached skill level 1 in Stealth
  5179 | D:6      | Found a staircase to the Ecumenical Temple.
  5189 | Temple   | Entered the Ecumenical Temple
  5224 | Temple   | Reached ** piety under Ashenzari
  5472 | D:6      | You fall through a shaft for 2 floors!
  5486 | D:8      | Gained mutation: When low on magic, you restore magic in
                  | place of health. [demonic ancestry]
  5486 | D:8      | Reached XP level 9. HP: 63/68 MP: 9/9
  5519 | D:8      | Slain by an orc warrior

Skill      XL: |  1  2  3  4  5  6  7  8 |
---------------+-------------------------+-----
Short Blades   | 3 4 6 7 8 |  8.7
Dodging        | 3 |  3.9
Throwing       | 2 |  2.0
Armour         | 1 2 3 |  3.6
Fighting       | 3 5 |  5.2
Shields        | 1 |  1.6
Stealth        | 1 |  1.3

Action                   |  1- 3 |  4- 6 |  7- 9 || total
-------------------------+-------+-------+-------++-------
Melee: Rapier            |   100 |   151 |   235 ||   486
       Headbutt          |     7 |    24 |    40 ||    71
       Unarmed           |       |       |     3 ||     3
Throw: Throwing net      |     2 |       |       ||     2
Invok: Curse Item        |       |     1 |       ||     1
       Scrying           |       |       |     3 ||     3
  Use: Potion            |     7 |     2 |     2 ||    11
       Scroll            |     7 |     1 |     2 ||    10
 Stab: Held in net/web   |     1 |       |       ||     1
  Eat: Ration            |     1 |     2 |     1 ||     4
       Chunk             |       |       |     1 ||     1
Armor: Leather armour    |     4 |       |       ||     4
       Chain mail        |    35 |    80 |    97 ||   212
       Ring mail         |     5 |       |       ||     5
Dodge: Dodged            |    44 |    36 |    88 ||   168
Block: Buckler           |       |    16 |    43 ||    59
